 Dungeon Crawl Stone Soup version 0.29-a0-275-g389c0b56f3 (webtiles) character file.

Game seed: 8365108381799764258

416 spaghetti the Cudgeller (level 6, -1/48 HPs)
             Began as a Demonspawn Chaos Knight on Mar 12, 2022.
             Was an Initiate of Makhleb.
             Slain by a hound (3 damage)
             ... on level 5 of the Dungeon.
             The game lasted 00:07:40 (3568 turns).

spaghetti the Cudgeller (Demonspawn Chaos Knight)   Turns: 3568, Time: 00:07:41

Health: -1/48      AC: 12    Str: 13    XL:     6   Next: 60%
Magic:  1/6        EV: 11    Int: 21    God:    Makhleb [......]
Gold:   220        SH:  5    Dex: 12    Spells: 2/5 levels left

rFire   . . .      SeeInvis .     - Unarmed
rCold   . . .      Faith    .   (no shield)
rNeg    . . .      Spirit   .   b - +2 leather armour
rPois   .          Reflect  +   (no helmet)
rElec   .          Harm     .   (no cloak)
rCorr   .          Rampage  .   (no gloves)
Will    .....                   (no boots)
Stlth   +.........              h - amulet of reflection
HPRegen 0.16/turn               t - +6 ring of intelligence
MPRegen 0.10/turn               w - +4 ring of protection

@: ice-armoured
A: claws 2, foul stench 1, demonic magic 2
a: Renounce Religion


You were on level 5 of the Dungeon.
You worshipped Makhleb.
Makhleb was noncommittal.
You visited 2 branches of the dungeon, and saw 6 of its levels.

You collected 220 gold pieces.


Innate Abilities, Weirdness & Mutations

You have very sharp fingernails.
You may rarely emit foul miasma when damaged in melee.
Spells you cast may paralyse nearby enemies.


   Skills:
 - Level 4.0 Fighting
 - Level 4.6 Maces & Flails
 - Level 1.7 Armour
 - Level 0.8 Dodging
 + Level 3.2 Unarmed Combat
 + Level 2.2 Ice Magic


You had 2 spell levels left.
You knew the following spells:

 Your Spells              Type           Power      Damage    Failure   Level
a - Ozocubu's Armour      Ice            9%         N/A       28%         3

Your spell library contained the following spells:

 Spells                   Type           Power      Damage    Failure   Level
 Metabolic Englaciation   Hex/Ice        2%         N/A       99%         5
 Simulacrum               Ice/Necr       2%         N/A       100%        6

Inventory:

Hand Weapons
 a - a +0 mace of chaos {mace}
 k - a +0 quarterstaff {staff}
   (You found it on level 3 of the Dungeon)
 l - a +0 trident {polearm}
   (You found it on level 3 of the Dungeon)
 n - a +0 dagger {short}
   (You took it off a goblin on level 4 of the Dungeon)
 o - a +0 dagger {short}
   (You took it off a goblin on level 4 of the Dungeon)
 p - a +1 dagger of speed {short}
   (You took it off a kobold on level 4 of the Dungeon)
 r - a +0 whip {mace}
   (You found it on level 5 of the Dungeon)
 s - a +0 rapier {short}
   (You found it on level 5 of the Dungeon)
Missiles
 d - 5 boomerangs {throwing}
 e - 85 stones (quivered) {throwing}
 m - 6 poisoned darts {throwing}
Armour
 b - a +2 leather armour (worn)
Jewellery
 h - an amulet of reflection (around neck)
   (You found it on level 3 of the Dungeon)
 i - an amulet of the acrobat
   (You found it on level 3 of the Dungeon)
 t - a +6 ring of intelligence (left claw)
   (You found it on level 5 of the Dungeon)
 w - a +4 ring of protection (right claw)
   (You found it on level 5 of the Dungeon)
Scrolls
 j - a scroll of magic mapping {!r}
 u - a scroll of identify {@r1}
Potions
 g - a potion of degeneration {!q@e2}
Miscellaneous
 c - a piece from Xom's chessboard (14/15)

Dungeon Overview and Level Annotations

Branches:
Dungeon (5/15)             Temple (1/1) D:5

Altars:
Elyvilon
Fedhas
Gozag
Hepliaklqana
Kikubaaqudgha
Makhleb
Nemelex Xobeh
Okawaru
Sif Muna
Uskayaw
Wu Jian
Xom
Yredelemnul
The Shining One

Shops:
D:3

? ,* ****,,,*####*##.## *,**, ,*
*,,,,,,,,...##...## *,*,, ,*
*,**,,,**,........## *,,,, ,*
*,***,###,*#.......## ***,, ,*
*,* *,,...*#...[....# *,, ,*
**,***,,*#.##........# **, **
*,,,,,,,*#..S{)....#.#######, *
*,,***,**###h##....>........,
*,,* *,****#@#######.##.####,
*,,* *,,*#...# ##.##.####, *,,*
***#....# #.........,
***********#.....# #..##.###..
,,***,,,**##..#### #..##.# *..
,,***,,,,###..#########..##.##*..
,,***,,,,###?,#...<..............
,,,*,,,*,.##.,#.#######..##^###o#
*,,,,,**,,*,,##.# #..##.# *.#


You could see a hound and an adder.


Message History

The adder bites you but does no damage.
Your piece from Xom's chessboard (14/15) has regained one charge. 😱 HP[-2]
You take 2 damage, and now have 10/48 hp.
Okay, then.
Okay, then.
You closely miss the adder. The hound barely misses you.
Something hits you but does no damage. The adder misses you.
The hound misses you. 😱 MP[+1]
You miss the adder. Something hits you but does no damage.
The adder closely misses you. The hound barely misses you.
You scratch the adder. The hound bites you but does no damage.
The adder bites you but does no damage.
Something hits you but does no damage. 😱 HP[+1]
You scratch the adder. Your claw misses the adder.
The hound bites you but does no damage. The adder misses you.
You block something's attack. The hound barely misses you.
You block the adder's attack.
You scratch the adder but do no damage. The hound bites you.
* * * LOW HITPOINT WARNING * * *
Something hits you but does no damage. The adder barely misses you. 😱 HP[-2]
You take 2 damage, and now have 9/48 hp.
You barely miss the adder.
The hound pauses to sniff the ground.
The hound closely misses you.
You hear some strange, mumbled words.
You are confused.
The adder barely misses you. The hound closely misses you.
Unknown command.
Unknown command.
Okay, then.
You are too confused!
Your icy armour will break if you move.
Continue?
Okay, then.
Your icy armour will break if you move.
Continue?
Your icy armour cracks and falls away as you move.
The adder bites you but does no damage.
Things that are here:
a +0 short sword {short}; a +0 ring mail of willpower; 19 gold pieces The hound closely misses you.
You're too confused to move!
The hound bites you but does no damage. 😱 HP[+1] You're too confused to move!
The hound bites you.
* * * LOW HITPOINT WARNING * * *
The hound bites you.
* * * LOW HITPOINT WARNING * * *
😱 HP[-3]
You take 3 damage, and now have 7/48 hp.
You miss the hound. The hound closely misses you.
Unknown command.
You completely miss the hound. The hound bites you.
* * * LOW HITPOINT WARNING * * *
😱 HP[-3] MP[+1]
You take 3 damage, and now have 4/48 hp.
You bump into the rock wall.
The hound bites you but does no damage. The hound barely misses you.
You miss the hound.
You feel less confused. The hound bites you but does no damage.
Casting: Ozocubu's Armour (quite dangerous; 28% risk of failure)
Confirm with . or Enter, or press ? or * to list all spells.
The spell is quite dangerous to miscast (28% risk of failure)!
Continue anyway?
A film of ice covers your body! Malevolent energies surge around you.
The adder suddenly stops moving!
The hound bites you.
* * * LOW HITPOINT WARNING * * *
The hound barely misses you. 😱 HP[-1] MP[-3]
You take 1 damage, and now have 3/48 hp.
You lost 3 mp, and now have 0/6 mp.
Unknown command.
Unknown command.
You closely miss the hound.
The hound bites you but does no damage. 😱 HP[+1]
You barely miss the hound.
The adder is no longer paralysed.
The hound bites you.
* * * LOW HITPOINT WARNING * * *
The hound bites you but does no damage. 😱 HP[-1]
You take 1 damage, and now have 3/48 hp.
You miss the hound. The hound bites you but does no damage.
You barely miss the hound. The hound bites you but does no damage.
The hound barely misses you.
Okay, then.
Okay, then.
Okay, then.
You miss the hound. The hound bites you but does no damage.
You scratch the hound. Your claw misses the hound. The hound bites you.
* * * LOW HITPOINT WARNING * * *
😱 HP[-1]
You take 1 damage, and now have 2/48 hp.
You scratch the hound. The hound bites you.
* * * LOW HITPOINT WARNING * * *
The hound bites you but does no damage. 😱 MP[+1]
You closely miss the hound. The hound bites you.
You die...

Skill      XL: |  1  2  3  4  5  6 |
---------------+-------------------+-----
Maces & Flails | 3 4 |  4.6
Fighting       | 4 |  4.0
Unarmed Combat | 2 3 |  3.2
Ice Magic      | 1 2 |  2.2
Armour         | |  1.7
Dodging        | |  0.8

Action                   |  1- 3 |  4- 6 || total
-------------------------+-------+-------++-------
Melee: Mace              |    61 |     7 ||    68
       Punch             |     1 |     3 ||     4
       Unarmed           |       |   172 ||   172
Throw: Stone             |       |    12 ||    12
 Cast: Ozocubu's Armour  |       |     3 ||     3
Evoke: Piece from Xom's  |     5 |     5 ||    10
  Use: Scroll            |     4 |     4 ||     8
       Potion            |       |     1 ||     1
 Stab: Distracted        |     1 |       ||     1
       Sleeping          |     1 |       ||     1
       Paralysed         |       |     5 ||     5
Armor: Leather armour    |    28 |    64 ||    92
Dodge: Dodged            |    43 |   113 ||   156
Block: Other             |       |    45 ||    45

Levels and vault maps discovered:
D:1:      onia_arrival_handbag, layout_basic, serial_shops, shop_statue, shop,
          shop, nicolae_shop_crystal, nicolae_shop_crystal, minmay_unequal
D:2:      layout_basic, ebering_ecumenical_altar_ruins, serial_corexii_hall,
          corexii_hall_statues_x, chequers_hall_statues_corner_a,
          item_on_display_b
D:3:      layout_basic, amcnicky_altar_gilded, serial_shops,
          nicolae_diamond_shop, uniq_natasha
D:4:      layout_basic
D:5:      layout_loops_ring, mainiacjoe_overflow_concentric_impassable,
          minmay_temple_entry_offerings, hangedman_glass_teeth
Temple:   minmay_temple_bridge_abc

Notes
Turn   | Place    | Note
-------+----------+-------------------------------------------
     0 | D:1      | spaghetti the Demonspawn Chaos Knight began the quest for
                  | the Orb.
     0 | D:1      | Reached XP level 1. HP: 18/18 MP: 1/1
     0 | D:1      | magus.rc [v1.9.6]
    62 | D:2      | Reached skill level 3 in Maces & Flails
    70 | D:2      | XOM: silly message
   243 | D:2      | Gained mutation: Spells you cast may paralyse adjacent
                  | enemies. [demonic ancestry]
   243 | D:2      | Reached XP level 2. HP: 24/24 MP: 2/2
   282 | D:2      | Found a faded altar of an unknown god.
   447 | D:2      | XOM: silly message
   595 | D:2      | Gained mutation: You may rarely emit foul miasma when
                  | damaged in melee. [demonic ancestry]
   595 | D:2      | Reached XP level 3. HP: 28/29 MP: 3/3
   720 | D:3      | Noticed Natasha
   722 | D:3      | XOM: divination: magic mapping
   725 | D:3      | Killed Natasha
   726 | D:3      | Reached skill level 4 in Maces & Flails
   738 | D:3      | Noticed Natasha
   742 | D:3      | HP: 7/29 [Natasha/magic dart (7)]
   743 | D:3      | Killed Natasha
   744 | D:3      | Gained mutation: You have sharp fingernails. [demonic
                  | ancestry]
   744 | D:3      | Reached XP level 4. HP: 9/35 MP: 4/4
   804 | D:3      | XOM: noise
   810 | D:3      | Noticed Natasha
   815 | D:3      | XOM: potion effect (heal wounds)
   824 | D:3      | Killed Natasha
   858 | D:3      | Found an ornate altar of the Wu Jian Council.
  1080 | D:3      | XOM: scenery: create altars
  1147 | D:3      | Found Cukkih's Magic Scroll Shop.
  1155 | D:3      | XOM: 2-stop teleportation journey
  1381 | D:3      | XOM: cloud trail
  1816 | D:4      | Noticed a scorpion
  1818 | D:4      | XOM: draining
  1828 | D:4      | XOM: 2-stop teleportation journey
  1912 | D:4      | Gained mutation: You have very sharp fingernails. [demonic
                  | ancestry]
  1912 | D:4      | Reached XP level 5. HP: 36/36 MP: 5/5
  1921 | D:4      | XOM: silly message
  2000 | D:4      | XOM: 1-stop teleportation journey
  2176 | D:4      | XOM: summons friendly white imp
  2187 | D:4      | Reached skill level 4 in Fighting
  2187 | D:4      | Reached skill level 2 in Unarmed Combat
  2415 | D:4      | XOM: summons 2 hostile demons
  2416 | D:4      | Noticed a rust devil
  2462 | D:5      | Entered Level 5 of the Dungeon
  2563 | D:5      | Found a staircase to the Ecumenical Temple.
  2571 | D:5      | You pick up a book of Winter and begin reading...
  2571 | D:5      | You add the spells Ozocubu's Armour, Metabolic Englaciation
                  | and Simulacrum to your library.
  2574 | Temple   | Entered the Ecumenical Temple
  2787 | Temple   | Fell from the grace of Xom
  2787 | Temple   | Became a worshipper of Makhleb the Destroyer
  2867 | D:5      | Learned a level 3 spell: Ozocubu's Armour
  3115 | D:5      | Noticed an orc warrior
  3125 | D:5      | HP: 3/42 [orc warrior/+0 mace (12)]
  3379 | D:5      | XOM: 1-stop teleportation journey
  3472 | D:5      | Reached skill level 1 in Ice Magic
  3472 | D:5      | Gained mutation: Spells you cast may paralyse nearby
                  | enemies. [demonic ancestry]
  3472 | D:5      | Reached XP level 6. HP: 41/48 MP: 6/6
  3535 | D:5      | Killed an orc warrior
  3536 | D:5      | Reached skill level 3 in Unarmed Combat
  3536 | D:5      | Reached skill level 2 in Ice Magic
  3543 | D:5      | HP: 12/48 [something (3)]
  3550 | D:5      | HP: 9/48 [hound (2)]
  3555 | D:5      | HP: 9/48 [hound (1)]
  3557 | D:5      | HP: 4/48 [hound (3)]
  3562 | D:5      | HP: 3/48 [hound (1)]
  3567 | D:5      | HP: 2/48 [hound (1)]
  3568 | D:5      | Slain by a hound

Vanquished Creatures
  An orc warrior (D:5)
  2 scorpions
  An orc priest (D:5)
  Natasha (thrice) (D:3)
  3 adders
  A shadow imp (D:5)
  A white imp (D:5)
  A worm (D:4)
  2 dart slugs (D:2)
  5 orcs
  3 endoplasms
  3 goblins
  6 hobgoblins
  8 jackals
  2 kobolds
  2 quokkas
  3 ball pythons (D:3)
  3 bats
  2 frilled lizards
  2 rats
54 creatures vanquished.

Table legend:
 A = Non-vault XP
 B = Vault XP
 C = Vault XP percentage of total XP
 D = Non-vault monster count
 E = Vault monster count
 F = Vault count percentage of total count
                 A         B        C        D         E       F
            +---------+---------+-------+---------+---------+-------
      Total |     559 |      36 |   6.1 |      52 |       2 |   3.7
            +---------+---------+-------+---------+---------+-------
        D:1 |       0 |       1 | 100.0 |       0 |       1 | 100.0
        D:2 |      43 |       0 |   0.0 |      15 |       0 |   0.0
        D:3 |     111 |      35 |  24.0 |      18 |       1 |   5.3
        D:4 |     110 |       0 |   0.0 |      10 |       0 |   0.0
        D:5 |     293 |       0 |   0.0 |       8 |       0 |   0.0
     Temple |       2 |       0 |   0.0 |       1 |       0 |   0.0
            +---------+---------+-------+---------+---------+-------

Illustrated notes

Table legend:
 A = Kills in this place as a percentage of kills in entire the game.
 B = Kills by you in this place as a percentage of kills by you in the entire game.
 C = Kills by friends in this place as a percentage of kills by friends in the entire game.
 D = Other kills in this place as a percentage of other kills in the entire game.
 E = Experience gained in this place as a percentage of experience gained in the entire game.
 F = Experience gained in this place divided by the number of levels of this place that you have seen.
                   A       B       C       D       E      F
               +-------+-------+-------+-------+-------+----------------------
         Total | 100.0 | 100.0 |   N/A |   N/A | 100.0 |  99.2
       Dungeon |  98.1 |  98.1 |   N/A |   N/A |  99.7 | 118.6
        Temple |   1.9 |   1.9 |   N/A |   N/A |   0.3 |   2.0
               +-------+-------+-------+-------+-------+----------------------

Table legend: (Time is in decaauts)
 A = Elapsed time spent in this place.
 B = Non-inter-level travel time spent in this place.
 C = Inter-level travel time spent in this place.
 D = Time resting spent in this place.
 E = Time spent auto-exploring this place.
 F = Levels seen in this place.
 G = Mean time per level.
                   A        B        C        D        E       F      G
               +--------+--------+--------+--------+--------+-----+--------+
         Total |   3584 |   3492 |     92 |    677 |   2155 |   6 |  597.3 |
       Dungeon |   3348 |   3279 |     69 |    677 |   1972 |   5 |  669.6 |
        Temple |    236 |    213 |     23 |      0 |    183 |   1 |  236.0 |
               +--------+--------+--------+--------+--------+-----+--------+

Top non-repeatable levels by time:
     D:3: 1145 daAuts
     D:5: 864 daAuts
     D:4: 676 daAuts
     D:2: 648 daAuts
  Temple: 236 daAuts
     D:1: 13 daAuts
